 Dungeon Crawl Stone Soup version 0.23-a0-32-g1388f29 (webtiles) character file.

130 Amnesiac the Digger (level 4, -3/30 HPs)
             Began as a Mummy Earth Elementalist on Aug 4, 2018.
             Slain by a scorpion (9 damage)
             ... on level 4 of the Dungeon.
             The game lasted 00:03:51 (1452 turns).

Amnesiac the Digger (Mummy Earth Elementalist)      Turns: 1452, Time: 00:03:53

Health: -3/30      AC:  3    Str: 11    XL:     4   Next: 89%
Magic:  0/10       EV: 12    Int: 15    God:
Gold:   89         SH:  0    Dex: 12    Spells: 1/11 levels left

rFire    x . .     SeeInvis .   b - +0 short sword (curse)
rCold    + . .     Gourm    .   (no shield)
rNeg     + + +     Faith    .   c - +0 robe
rPois    ∞         Spirit   .   (no helmet)
rElec    .         Reflect  .   e - +0 cloak
rCorr    .         Harm     .   (no gloves)
MR       .....                  (no boots)
Stlth    ++........             (no amulet)
HPRegen  0.10/turn              (no ring)
MPRegen  0.12/turn              (no ring)

@: no status effects
A: no food or potions, fire vulnerability, cold resistance 1, negative energy
resistance 3, torment resistance, unbreathing
a: no special abilities


You were on level 4 of the Dungeon.
You were not hungry.

You visited 1 branch of the dungeon, and saw 5 of its levels.

You collected 89 gold pieces.

Inventory:

Hand Weapons
 b - a cursed +0 short sword (weapon)
 f - a +0 spear
 g - a +0 hunting sling
Missiles
 k - 17 sling bullets
 l - 10 stones (quivered)
Armour
 c - a +0 robe (worn)
 e - a +0 cloak (worn)
Wands
 j - a wand of digging (5)
Scrolls
 a - 2 scrolls of enchant armour {!r, unknown}
 d - a scroll of remove curse {!r, unknown}
 h - a scroll of amnesia {!r, unknown}
 i - a scroll of random uselessness {!r, unknown}


   Skills:
 - Level 1.5 Dodging
 - Level 1.5 Stealth
 + Level 4.1 Spellcasting
 - Level 0.7 Transmutations
 * Level 4.1 Earth Magic


You had one spell level left.
You knew the following spells:

 Your Spells              Type           Power        Failure   Level  Hunger
a - Stone Arrow           Conj/Erth      #.....       22%         3    N/A
b - Passwall              Tmut/Erth      ##......     10%         2    N/A
c - Sandblast             Erth           ###...       3%          1    N/A
e - Petrify               Tmut/Erth      ##......     54%         4    N/A

Your spell library contained the following spells:

 Spells                   Type           Power        Failure   Level  Hunger
 Lee's Rapid Deconstruct  Erth           ###.......   65%         5    N/A

Dungeon Overview and Level Annotations

Branches:
Dungeon (5/15)
 Temple: D:4-7

Altars:
Dithmenos
Uskayaw

Annotations:
D:4 exclusions: orc priest and worker ant


Innate Abilities, Weirdness & Mutations

You do not eat or drink.
Your flesh is vulnerable to fire.
You are immune to poison.
Your flesh is cold resistant. (rC+)
You are immune to negative energy. (rN+++)
You are immune to unholy pain and torment.
You can survive without breathing.


Message History

Press: ? - help, Shift-Dir - straight line, f/p - scorpion
Aim: a scorpion The stone arrow hits the scorpion.
The scorpion is heavily wounded.
The scorpion barely misses you.
Casting: Stone Arrow (safe; 22% risk of failure)
Confirm with . or Enter, or press ? or * to list all spells.
You don't have enough magic to cast that spell.
Casting: Stone Arrow (safe; 22% risk of failure)
Confirm with . or Enter, or press ? or * to list all spells.
You don't have enough magic to cast that spell.
Casting: Stone Arrow (safe; 22% risk of failure)
Confirm with . or Enter, or press ? or * to list all spells.
Aiming: Sandblast (safe; 3% risk of failure)
Press: ? - help, Shift-Dir - straight line, f/p - scorpion
Aim: a scorpion (heavily wounded)
The blast of sand hits the scorpion.
The scorpion is almost dead.
l - 12 stones The scorpion closely misses you.
You hit the scorpion but do no damage.
The scorpion is almost dead.
The scorpion closely misses you.
You completely miss the scorpion.
The scorpion is almost dead.
The scorpion stings you.
You hit the scorpion but do no damage.
The scorpion is almost dead.
The scorpion stings you.
You hit the scorpion.
The scorpion is almost dead.
The scorpion stings you.
You closely miss the scorpion.
The scorpion is almost dead.
The scorpion stings you.
Casting: Sandblast (safe; 3% risk of failure)
Confirm with . or Enter, or press ? or * to list all spells.
Aiming: Sandblast (safe; 3% risk of failure)
Press: ? - help, Shift-Dir - straight line, f/p - scorpion
Aim: a scorpion (almost dead)
The blast of sand hits the scorpion.
The scorpion is almost dead.
l - 11 stones The scorpion barely misses you.
You barely miss the scorpion.
The scorpion is almost dead.
The scorpion stings you.
* * * LOW HITPOINT WARNING * * *
You hit the scorpion but do no damage.
The scorpion is almost dead.
The scorpion stings you!
* * * LOW HITPOINT WARNING * * *
The scorpion stings you.
* * * LOW HITPOINT WARNING * * *
Casting: Sandblast (safe; 3% risk of failure)
Confirm with . or Enter, or press ? or * to list all spells.
Aiming: Sandblast (safe; 3% risk of failure)
Press: ? - help, Shift-Dir - straight line, f/p - scorpion
Aim: a scorpion (almost dead)
The blast of sand hits the scorpion.
The scorpion is almost dead.
l - 10 stones The scorpion stings you!
You die...

#####.# #.....# #
#.# # #.# #.# #
#.. #.# # #.# #.#
# #.# #.# # #[#
#s# # #.# ######@#
# #.######......#
####.....>....####
..>..####.#.#%#
####...##.#.#.#
.....#......#.#
####.####.###.#
####.####.###.#
..##..........#


You could see a scorpion.

Vanquished Creatures
  A bullfrog zombie (D:5)
  A centaur skeleton (D:5)
  3 adders
  A worm (D:3)
  A dart slug (D:1)
  4 orcs
  3 giant cockroaches
  5 hobgoblins
  3 jackals (D:2)
  A quokka (D:4)
  A ball python (D:2)
  4 bats
  A frilled lizard (D:2)
  4 goblins
  2 kobolds
  A rat (D:1)
36 creatures vanquished.

Notes
Turn   | Place    | Note
-------+----------+-------------------------------------------
     0 | D:1      | Amnesiac the Mummy Earth Elementalist began the quest for the Orb.
     0 | D:1      | Reached XP level 1. HP: 13/13 MP: 4/4
     1 | D:1      | Noticed an electric eel
   237 | D:1      | Reached XP level 2. HP: 16/19 MP: 3/5
   244 | D:1      | Learned a level 2 spell: Passwall
   305 | D:2      | Found a shadowy altar of Dithmenos.
   470 | D:2      | Reached XP level 3. HP: 18/24 MP: 4/7
   580 | D:2      | Found a hide-covered altar of Uskayaw.
   674 | D:3      | Learned a level 3 spell: Stone Arrow
   916 | D:4      | Reached XP level 4. HP: 24/30 MP: 7/9
   922 | D:4      | Learned a level 4 spell: Petrify
  1149 | D:5      | Entered Level 5 of the Dungeon
  1452 | D:4      | Slain by a scorpion

Vault maps used:
D:1:      arrival_aquarium_a
D:2:      eat_drink_and_be_merry_uskayaw,
          nicolae_dithmenos_through_a_glass_darkly
D:3:      uniq_grinder
D:4:      kennysheep_mini_moat, uniq_sigmund
D:5:      grunt_temple_overflow_forces_of_nature,
          yredelemnul_forgotten_temple_becter, lemuel_round_altar, first_ration,
          kennysheep_generic_room_14

Skill      XL: |  1  2  3  4 |
---------------+-------------+-----
Earth Magic    | 3 4 |  4.1
Spellcasting   | 3 4 |  4.1
Dodging        | |  1.5
Stealth        | |  1.5
Transmutations | |  0.7

Action                   |  1- 3 |  4- 6 || total
-------------------------+-------+-------++-------
Melee: Unarmed           |    16 |       ||    16
       Spear             |    57 |       ||    57
       Short sword       |     8 |    24 ||    32
 Cast: Sandblast         |    37 |     3 ||    40
       Stone Arrow       |       |     8 ||     8
 Stab: Sleeping          |     1 |     1 ||     2
Armor: Robe              |    27 |     2 ||    29
Dodge: Dodged            |    63 |    21 ||    84

Table legend:
 A = Spawn XP
 B = Non-spawn XP
 C = Spawn XP percentage of total XP
 D = Spawn monster count
 E = Non-spawn monster count
 F = Spawn count percentage of total count
 G = Total turns spent on level
                    A         B        C        D         E        F      G
               +---------+---------+-------+---------+---------+-------+---------
         Total |       0 |     186 |   0.0 |       0 |      36 |   0.0 |  1452
               +---------+---------+-------+---------+---------+-------+---------
           D:1 |       0 |      16 |   0.0 |       0 |      10 |   0.0 |   363
           D:2 |       0 |      40 |   0.0 |       0 |      16 |   0.0 |   238
           D:3 |       0 |      30 |   0.0 |       0 |       6 |   0.0 |   300
           D:4 |       0 |      15 |   0.0 |       0 |       2 |   0.0 |   280
           D:5 |       0 |      85 |   0.0 |       0 |       2 |   0.0 |   271
               +---------+---------+-------+---------+---------+-------+---------
